 Dungeon Crawl Stone Soup version 0.30.1-4-g462c640d31 (webtiles) character file.

Game seed: 4861623897753385523

525 Logoto the Magician (level 7, -1/52 HPs)
             Began as a White Draconian Fire Elementalist on Aug 21, 2023.
             Slain by Duvessa
             ... wielding a +0 rapier
              (16 damage)
             ... on level 3 of the Dungeon.
             The game lasted 00:12:48 (3763 turns).

Logoto the Magician (DrFE)                          Turns: 3763, Time: 00:12:48

Health: -1/52      AC:  6    Str: 12    XL:     7   Next: 2%
Magic:  0/12       EV: 12    Int: 16    God:
Gold:   151        SH:  0    Dex: 11    Spells: 10/13 levels left

rFire   . . .        b - +1 spear (venom)
rCold   + . .        (no shield)
rNeg    . . .        (body armour unavailable)
rPois   .            (helmet restricted)
rElec   .            (no cloak)
rCorr   .            (no gloves)
SInv    .            (no boots)
Will    .....        (no amulet)
Stlth   ++           (no ring)
HPRegen 0.28/turn    (no ring)
MPRegen 0.13/turn

%: no passive effects
@: no status effects
A: breathe frost, AC +6, unfitting armour, cold resistance 1, cold-blooded
a: Breathe Frost


You were on level 3 of the Dungeon.
You visited 1 branch of the dungeon, and saw 4 of its levels.

You collected 151 gold pieces.

Inventory:

Hand Weapons
 b - a +1 spear of venom (weapon)
 m - a +2 dagger of flaming
 p - a +1 flail of holy wrath
Jewellery
 d - a ring of protection from cold
Scrolls
 c - 4 scrolls of identify {unknown}
 i - a scroll of amnesia {unknown}
 j - a scroll of magic mapping {unknown}
 l - a scroll of teleportation {unknown}
 o - a scroll of fear {unknown}
 q - a scroll of vulnerability {unknown}
Potions
 a - a potion of magic
 e - a potion of berserk rage {unknown}
 f - a potion of attraction {unknown}
 g - 2 potions of flight {unknown}
 h - a potion of might {unknown}
 k - a potion of heal wounds {unknown}
 n - 2 potions of curing {unknown}


   Skills:
 + Level 1.1 Fighting
 + Level 2.6 Polearms
 + Level 2.9 Dodging
 + Level 3.1 Stealth
 + Level 0.6 Unarmed Combat
 + Level 3.8 Spellcasting
 + Level 2.1 Conjurations
 + Level 3.7 Fire Magic


You had 10 spell levels left.
You knew the following spells:

 Your Spells              Type           Power      Damage    Failure   Level
a - Foxfire               Conj/Fire      48%        2x1d6     5%          1
b - Scorch                Fire           28%        2d6       6%          2

Your spell library contained the following spells:

 Spells                   Type           Power      Damage    Failure   Level
 Inner Flame              Hex/Fire       8%         N/A       24%         3
 Volatile Blastmotes      Fire/Tloc      16%        2d11      24%         3
 Ensorcelled Hibernation  Hex/Ice        6%         N/A       26%         2
 Passwall                 Tmut/Erth      2%         N/A       26%         2
 Swiftness                Air            3%         N/A       45%         3
 Flame Wave               Conj/Fire      12%        2d6       45%         4


Dungeon Overview and Level Annotations

Branches:
Dungeon (4/15)
 Temple: D:4-7

Altars:
Dithmenos
Elyvilon
Makhleb
Xom

Shops:
D:3 *

Annotations:
D:3 1 runed translucent door, Duvessa; middlethird's ghost, amateur FoNe


Innate Abilities, Weirdness & Mutations

You can breathe waves of freezing cold which knock back foes.
Your icy white scales are hard. (AC +6)
You cannot fit into any form of body armour.
Your flesh is cold resistant. (rC+)
You are cold-blooded and may be slowed by cold attacks.


Message History

Confirm with . or Enter, or press ? or * to list all spells.
You miscast Scorch.
You are very lightly contaminated with residual magic.
Nothing appears to happen.
Duvessa misses you. Duvessa hits you with a +0 rapier.
You hit Duvessa but do no damage.
Duvessa is poisoned.
Duvessa is moderately wounded.
Duvessa closely misses you. The dart slug launches a dart at you.
The slug dart misses you.
You hit Duvessa but do no damage.
Duvessa looks even sicker.
Duvessa is moderately wounded.
Duvessa misses you. Duvessa closely misses you.
There is a stone staircase leading up here.
You hit Duvessa.
Duvessa looks as sick as possible!
Duvessa is moderately wounded.
Duvessa hits you with a +0 rapier. x2
You can't go down here!
Duvessa is no longer more vulnerable to fire.
Duvessa hits you with a +0 rapier! The dart slug launches a dart at you.
The slug dart misses you.
You climb upwards.
Level annotation: 1 runed translucent door, middlethird's ghost, amateur FoNe
There is a stone staircase leading down here.
Casting: Scorch (safe; 6% risk of failure)
Confirm with . or Enter, or press ? or * to list all spells.
You conjure some foxfire!
Duvessa hits you with a +0 rapier. x2
* * * LOW HITPOINT WARNING * * *
Your magical contamination has completely faded away.
The foxfire hits Duvessa but does no damage.
Duvessa is severely wounded.
The foxfire hits Duvessa but does no damage.
Duvessa is severely wounded.
Duvessa closely misses you.
You hit Duvessa.
Duvessa looks as sick as possible!
You tail-slap Duvessa.
Duvessa is severely wounded.
You have got your breath back.
Duvessa hits you with a +0 rapier!
You die...

#.'....._.....'.########.#####
#.#####...#####..............####
#.....#####......#######.###.....
##.............#.# #.###.....
##.......######.#######..#......
##.....## #..................
##...## #..####.###.#...... ##.##
#>e####.# #.#...... #.###
##.@.....# #........ #...#
##...##...# #.#..#.#. ###.#
##.###.#..## #.#..#.#. #.# #.##
##...####.#..#.#. #.# #.#
#........#...>.. #<# #.##
##...###..#..#...
#.####.###................
#.........##..###..#.##...
#####..............#.###<.


You could see Duvessa (berserk, extremely poisoned).

Vanquished Creatures
  Edmund (D:4)
  Menkaure (D:4)
  Dowan (D:4)
  A hound (D:4)
  An iguana (D:4)
  8 gnolls
  2 adders (D:2)
  A worm (D:2)
  3 dart slugs
  3 orcs
  4 bats
  5 endoplasms
  2 giant cockroaches
  6 goblins
  9 hobgoblins
  11 jackals
  2 quokkas (D:4)
  7 ball pythons
  A frilled lizard (D:2)
  5 kobolds
  7 rats
81 creatures vanquished.

Vanquished Creatures (collateral kills)
  2 foxfires (D:4)
2 creatures vanquished.

Vanquished Creatures (others)
  86 foxfires
86 creatures vanquished.

Grand Total: 169 creatures vanquished

Notes
Turn   | Place    | Note
-------+----------+-------------------------------------------
     0 | D:1      | Logoto the Draconian Fire Elementalist began the quest for
                  | the Orb.
     0 | D:1      | Reached XP level 1. HP: 14/14 MP: 3/3
   208 | D:1      | Reached XP level 2. HP: 20/20 MP: 1/5
   367 | D:1      | Reached XP level 3. HP: 20/26 MP: 6/6
   876 | D:2      | Identified the +4 trident of the Kissing Gods {antimagic,
                  | rElec Dex+4}
  1029 | D:1      | Learned a level 2 spell: Scorch
  1212 | D:2      | Reached XP level 4. HP: 19/33 MP: 0/7
  1438 | D:2      | Reached skill level 1 in Polearms
  2155 | D:3      | Found a runed translucent door.
  2157 | D:3      | Noticed middlethird's ghost (amateur FoNe)
  2234 | D:3      | Found a shimmering altar of Xom.
  2316 | D:3      | Found Cievetyi's Assorted Antiques.
  2511 | D:3      | Reached XP level 5. HP: 39/39 MP: 7/9
  2661 | D:3      | Found a burning altar of Makhleb.
  2818 | D:3      | Found a shadowy altar of Dithmenos.
  2933 | D:4      | Noticed Edmund
  2984 | D:4      | Killed Edmund
  2985 | D:4      | Reached XP level 6. HP: 14/46 MP: 1/10
  3160 | D:4      | Found a white marble altar of Elyvilon.
  3166 | D:4      | Noticed Menkaure
  3179 | D:4      | Killed Menkaure
  3180 | D:4      | Reached skill level 1 in Fighting
  3469 | D:4      | Noticed Duvessa
  3744 | D:4      | Noticed Dowan
  3747 | D:4      | Killed Dowan
  3748 | D:4      | Your scales start taking on an icy white colour.
  3748 | D:4      | Reached XP level 7. HP: 52/52 MP: 5/12
  3748 | D:4      | Gained mutation: Your flesh is cold resistant. (rC+) [White
                  | Draconian growth]
  3763 | D:3      | Slain by Duvessa

Illustrated notes

Levels and vault maps discovered:
D:1:      dpeg_arrival_rooms_c, layout_loops_ring
D:2:      layout_basic
D:3:      layout_loops_ring, mainiacjoe_overflow_surrounded_room,
          marbit_many_paths, grunt_dithmenos_smoke_and_mirrors,
          hellmonk_ghost_happy_afterlife, serial_shops, nicolae_lakefront_shop,
          minmay_misc_feat_square, kennysheep_big_empty_room,
          small_statue_intersection
D:4:      layout_rooms, elyvilon_altar_1, gup_sewer_entry_bowl, st_stairs_3,
          uniq_natasha, uniq_duvessa, uniq_menkaure, uniq_edmund

Skill      XL: |  1  2  3  4  5  6 |
---------------+-------------------+-----
Dodging        | 2 |  2.9
Stealth        | 2 3 |  3.1
Polearms       | 1 2 |  2.6
Spellcasting   | 3 |  3.8
Fire Magic     | 4 3 |  3.7
Fighting       | 1 |  1.1
Conjurations   | 2 |  2.1
Unarmed Combat | |  0.6

Action                     |  1- 3 |  4- 6 |  7- 9 || total
---------------------------+-------+-------+-------++-------
  Melee: Unarmed           |    31 |       |       ||    31
         Tailslap          |     7 |    10 |     1 ||    18
         Spear             |    35 |    96 |     4 ||   135
         Punch             |       |     1 |       ||     1
   Cast: Foxfire           |    22 |    36 |     3 ||    61
         Scorch            |     4 |    17 |     1 ||    22
Ability: Breathe Frost     |       |       |     1 ||     1
   Stab: Distracted        |     1 |       |       ||     1
         Sleeping          |     2 |     4 |       ||     6
 Armour: Skin              |    29 |    28 |       ||    57
  Dodge: Dodged            |    89 |    67 |    10 ||   166
